AoeStats
← DOX BRAZIL

Black Forest

511004374Analyzed
2v2 RM · 9h ago on Oct 3, 2026· 27m 55s· 4 players
Game mode
Random Map
Map size
Medium (4 player)
Population
200
Speed
Normal
Resources
Standard
Victory
Conquest
Starting age
Dark Age
Ending age
Imperial Age
RankedLock teamsTeams togetherTeam positionsShared explorationLock speedFull tech treeHidden civsTurbo modeCheats
Victory
Defeat
🇦🇷 Turks · Argentina
790
+14
🇧🇷 Italians · Brazil
727
+16
🇬🇧 Malians · United Kingdom
749
-16
🇫🇷 Japanese · France
719
-14
DOX BRAZIL
0:27 Loom
16:12 Feudal Age
19:54 Man-at-Arms
23:36 Double-Bit Axe
24:01 Horse Collar
28:43 Castle Age
Corwen
10:43 Feudal Age
12:02 Wheelbarrow
11:44 Horse Collar
12:08 Double-Bit Axe
12:39 Man-at-Arms
20:15 Gold Mining
24:41 Castle Age
25:54 Castle Age
26:18 Crossbowman
26:21 Long Swordsman
28:16 Squires
28:25 Thumb Ring
28:23 Padded Archer Armor
[̲̅2̲̅D̲̅]
0:38 Loom
12:38 Feudal Age
13:11 Double-Bit Axe
14:06 Man-at-Arms
19:33 Wheelbarrow
20:32 Padded Archer Armor
21:03 Fletching
25:49 Castle Age
24:44 Wheelbarrow
25:26 Horse Collar
26:36 Crossbowman
27:22 Thumb Ring
27:35 Leather Archer Armor
27:15 Bodkin Arrow
27:21 Stone Mining
Duddits
0:30 Loom
19:14 Feudal Age
21:29 Wheelbarrow
21:56 Double-Bit Axe
21:58 Horse Collar
26:06 Gold Mining
26:07 Stone Mining
26:12 Gold Mining
Connection lost

Rejoining the realm…

Still unreachable

The connection could not be restored.

Session expired

The server has moved on; the page needs a fresh start.